[Event "January 2 Early 2024"]
[Site "https://www.chess.com"]
[Date "2024.01.02"]
[Round "7"]
[White "Gabdushev, Ruslan"]
[Black "Monpeurt, Cyrielle"]
[Result "1-0"]
[Board "157"]
[TimeControl "180+1"]
[WhiteFideId "4137833"]
[BlackFideId "677400"]
[WhiteElo "2414"]
[BlackElo "2288"]
[WhiteTeam "RUS"]
[BlackTeam "FRA"]
[WhiteClock "0:00:20"]
[BlackClock "0:00:04"]

1. b3 g6 2. Bb2 Nf6 3. Bxf6 exf6 4. e3 d5 5. d4 Bd6 6. g3 O-O 7. Bg2 c6 8. Ne2 Qa5+ 9. Qd2 Qxd2+ 10. Kxd2 f5 11. c4 Be6 12. cxd5 Bxd5 13. Bxd5 cxd5 14. Nbc3 Bb4 15. Rac1 Nd7 16. Kd3 Nf6 17. Nb5 a6 18. Nbc3 Rac8 19. f3 Rc7 20. Nf4 Rfc8 21. Nce2 Ba3 22. Rxc7 Rxc7 23. Nc3 Rd7 24. Rb1 Bb4 25. Rc1 Ba3 26. Rc2 Kf8 27. Na4 g5 28. Nh3 h6 29. Nb6 Re7 30. Ng1 Bb4 31. Ne2 Ba5 32. Na4 b5 33. Nc5 Ra7 34. h3 Bb4 35. g4 fxg4 36. hxg4 h5 37. gxh5 Nxh5 38. Rc1 Nf6 39. Ng3 g4 40. fxg4 Nxg4 41. Nf5 f6 42. Rg1 Nf2+ 43. Ke2 Bxc5 44. Kxf2 Bb4 45. Rg6 Rf7 46. Rh6 Ke8 47. Rh8+ Kd7 48. Ra8 Ke6 49. Ng3 a5 50. Kf3 Rh7 51. Ra6+ Kf7 52. Kg2 Kg6 53. Ne2 Be1 54. Nf4+ Kf5 55. Nxd5 Rg7+ 56. Kf3 Rg3+ 57. Ke2 Bb4 58. Nxf6 Rg6 59. e4+ Kf4 60. Nh5+ Kg5 61. Rxg6+ Kxg6 62. Nf4+ Kg5 63. Nd5 Bf8 64. Kf3 a4 65. bxa4 bxa4 66. Nc3 a3 67. d5 Bb4 68. Nb5 Kf6 69. Ke3 Ke5 70. Kd3 Bc5 71. Nc7 Kd6 72. Ne6 Bb4 73. Kd4 Be1 74. e5+ Ke7 75. Nf4 Bf2+ 76. Ke4 Be1 77. Kf5 Bd2 78. Ng6+ Kf7 79. e6+ Ke8 80. d6 Bb4 81. Ke5 Bc3+ 82. Kd5 Bb4 83. Kc6 Bxd6 84. Kxd6 Kd8 85. e7+ 1-0

[Event "January 2 Early 2024"]
[Site "https://www.chess.com"]
[Date "2024.01.02"]
[Round "7"]
[White "Minina, Veronika"]
[Black "Herman, Daniel"]
[Result "0-1"]
[Board "158"]
[TimeControl "180+1"]
[WhiteFideId "4174780"]
[BlackFideId "30935008"]
[WhiteElo "2285"]
[BlackElo "2410"]
[WhiteTeam "RUS"]
[BlackTeam "USA"]
[WhiteClock "0:00:02"]
[BlackClock "0:00:19"]

1. Nf3 d5 2. g3 c6 3. Bg2 Nf6 4. c4 dxc4 5. O-O g6 6. a4 Bg7 7. Na3 O-O 8. Nxc4 Be6 9. d3 Nbd7 10. Qc2 h6 11. Nd4 Bd5 12. e4 Bxc4 13. dxc4 e5 14. Nf3 Qe7 15. a5 Kh7 16. b3 Rfd8 17. Ba3 Qe6 18. Rfd1 Nf8 19. Qc3 Nxe4 20. Qb4 Rd7 21. Rxd7 Qxd7 22. Rc1 Ne6 23. Qe1 f5 24. Nh4 N4g5 25. Rd1 Qe8 26. a6 bxa6 27. Rd6 Rd8 28. Bxc6 Qg8 29. Qd1 Nd4 30. Bd5 Rxd6 31. Bxd6 Qd8 32. c5 Nb5 33. Bb7 e4 34. Ng2 Nf7 35. Nf4 Nbxd6 36. cxd6 Qxd6 37. Qxd6 Nxd6 38. Bxa6 Bd4 39. Be2 g5 40. Ne6 Bb6 41. b4 Kg6 42. Kf1 Kf6 43. Nc5 Ke5 44. Nb3 f4 45. gxf4+ gxf4 46. h4 f3 47. Ba6 Nf5 48. h5 e3 49. fxe3 Nxe3+ 50. Kg1 Nd5+ 51. Kh2 Nxb4 52. Bf1 a5 53. Nd2 Kf4 54. Nc4 Bc7 55. Nb2 Ke3+ 56. Kg1 f2+ 57. Kg2 Nc2 58. Nc4+ Kd4 59. Nd2 a4 60. Kxf2 a3 61. Nb3+ Kc3 62. Nc1 Kb2 63. Nd3+ Kb1 64. Nc5 Bb6 65. Ke2 Bxc5 66. Kd2 Kb2 67. Bc4 Nb4 68. Be6 a2 69. Bxa2 Nxa2 70. Kd3 Be7 71. Ke4 Bg5 72. Kf5 Kc3 73. Kg6 Kd4 74. Kh7 Ke4 75. Kg6 Kf4 76. Kf7 Kg4 77. Kg6 Kh4 78. Kf5 Kxh5 79. Ke4 Kg4 80. Kd3 h5 81. Ke2 Kg3 82. Kf1 Be3 83. Ke2 h4 0-1

[Event "January 2 Early 2024"]
[Site "https://www.chess.com"]
[Date "2024.01.02"]
[Round "7"]
[White "Omariev, Maksim"]
[Black "Cardozo Munar, Carlos Eduardo"]
[Result "1-0"]
[Board "159"]
[TimeControl "180+1"]
[WhiteFideId "4193423"]
[BlackFideId "4409477"]
[WhiteElo "2407"]
[BlackElo "2283"]
[WhiteTeam "RUS"]
[BlackTeam "COL"]
[WhiteClock "0:00:04"]
[BlackClock "0:00:00"]

1. g4 d5 2. Bg2 Bxg4 3. c4 c6 4. Qb3 e6 5. cxd5 cxd5 6. Qa4+ Nd7 7. Qxg4 Ngf6 8. Qg3 g6 9. d4 Bg7 10. Nc3 O-O 11. Nf3 a6 12. O-O Rc8 13. Bg5 b5 14. Rac1 Qa5 15. a3 b4 16. axb4 Qxb4 17. Rb1 a5 18. Bd2 Qb3 19. Ne5 Nb6 20. Kh1 a4 21. Rfc1 Nc4 22. Nxc4 Rxc4 23. e3 Rfc8 24. Bf1 R4c6 25. Bd3 h5 26. Bc2 Qb4 27. Bxa4 Rxc3 28. bxc3 Qxa4 29. f3 Qa2 30. Qf2 Ne8 31. Qe2 Nd6 32. Ra1 Qc4 33. Qxc4 Nxc4 34. Ra2 Bh6 35. f4 g5 36. fxg5 Bxg5 37. Rg1 Kh7 38. Rxg5 Kh6 39. Rg1 Kh7 40. Kg2 Rb8 41. Kf2 f5 42. Ke2 Nd6 43. h4 Ne4 44. Kd3 Nf2+ 45. Ke2 Ne4 46. Rc2 Rf8 47. c4 dxc4 48. Rxc4 Rf7 49. Rc6 Ra7 50. Bb4 Ra2+ 51. Kd3 Nf2+ 52. Kc3 Ne4+ 53. Kb3 Re2 54. Be7 Rxe3+ 55. Kc4 Rc3+ 56. Kb5 Rb3+ 57. Ka6 1-0

[Event "January 2 Early 2024"]
[Site "https://www.chess.com"]
[Date "2024.01.02"]
[Round "7"]
[White "Mayaud, Raphael"]
[Black "Player, Edmund C"]
[Result "1-0"]
[Board "160"]
[TimeControl "180+1"]
[WhiteFideId "627151"]
[BlackFideId "406520"]
[WhiteElo "2403"]
[BlackElo "2274"]
[WhiteTeam "FRA"]
[BlackTeam "ENG"]
[WhiteClock "0:00:20"]
[BlackClock "0:00:02"]

1. d4 Nf6 2. Nf3 e6 3. c4 Bb4+ 4. Bd2 a5 5. g3 O-O 6. Bg2 d5 7. Qc2 Be7 8. O-O Ne4 9. Bf4 c6 10. Nbd2 Na6 11. Nxe4 dxe4 12. Qxe4 a4 13. Rfd1 a3 14. b3 Nb4 15. Bd2 Bd7 16. Bxb4 Bxb4 17. c5 Qa5 18. Ng5 g6 19. h4 f6 20. Nh3 Rae8 21. Qc2 Re7 22. Nf4 Bc3 23. Rac1 Bb2 24. Rb1 e5 25. dxe5 Bxe5 26. e3 Bf5 27. e4 Bg4 28. f3 Bxf4 29. gxf4 Be6 30. Rd6 Kg7 31. Rbd1 Bf7 32. Qd2 Rfe8 33. Qxa5 1-0

[Event "January 2 Early 2024"]
[Site "https://www.chess.com"]
[Date "2024.01.02"]
[Round "7"]
[White "Mazurkiewicz, Michal"]
[Black "Slavin, Alexey"]
[Result "1-0"]
[Board "161"]
[TimeControl "180+1"]
[WhiteFideId "1124943"]
[BlackFideId "24104388"]
[WhiteElo "2402"]
[BlackElo "2250"]
[WhiteTeam "POL"]
[BlackTeam "RUS"]
[WhiteClock "0:00:15"]
[BlackClock "0:00:40"]

1. e4 Nc6 2. Nf3 d6 3. d4 Nf6 4. Nc3 Bg4 5. Be2 e5 6. d5 Ne7 7. O-O Ng6 8. h3 Bd7 9. Nh2 Be7 10. Ng4 O-O 11. Nxf6+ Bxf6 12. Bg4 Be7 13. Be3 a6 14. a4 f5 15. exf5 Bxf5 16. Bxf5 Rxf5 17. Ne4 Qd7 18. Qg4 Rd8 19. c4 a5 20. Rfb1 b6 21. b4 axb4 22. Rxb4 Nf4 23. Bxf4 Rxf4 24. Qxd7 Rxd7 25. f3 Rd8 26. a5 Ra8 27. a6 Kf8 28. Nc3 Ke8 29. Nb5 Kd7 30. a7 Kc8 31. Rf1 Kb7 32. g3 Rf7 33. Rb2 Bg5 34. Kg2 Be3 35. Re2 Bc5 36. f4 Raf8 37. Ree1 exf4 38. Rxf4 Rxf4 39. gxf4 Rc8 40. Re7 h6 41. f5 Be3 42. Kf3 Bg5 43. Rxg7 Ka8 44. Rxc7 Rxc7 45. Nxc7+ Kxa7 46. Nb5+ Kb7 47. Nxd6+ Kc7 48. Ne4 Be7 49. Kg4 Bf8 50. f6 Kd7 51. Kf5 Ke8 52. Ke6 Bb4 53. d6 Ba3 54. f7+ Kf8 55. Nf6 b5 56. Nd7+ Kg7 57. f8=Q+ 1-0

[Event "January 2 Early 2024"]
[Site "https://www.chess.com"]
[Date "2024.01.02"]
[Round "7"]
[White "Daurimbetov, Azamat"]
[Black "Shadhursshaan R"]
[Result "1/2-1/2"]
[Board "162"]
[TimeControl "180+1"]
[WhiteFideId "14201950"]
[BlackFideId "45024138"]
[WhiteElo "2240"]
[BlackElo "2392"]
[WhiteTeam "UZB"]
[BlackTeam "IND"]
[WhiteClock "0:00:12"]
[BlackClock "0:03:08"]

1. Nf3 a6 2. c4 b6 3. d4 Bb7 4. Nc3 g6 5. e4 Bg7 6. d5 d6 7. Be3 Nd7 8. Be2 Ngf6 9. O-O O-O 10. b4 c5 11. dxc6 Nc5 12. bxc5 Bxc6 13. cxb6 Ng4 14. Bd4 e5 15. Be3 Nxe3 16. fxe3 Qxb6 17. Qd2 Bh6 18. Kf2 f5 19. Nd5 Qc5 20. Ne7+ Kh8 21. Nxc6 fxe4 22. Ne7 exf3 23. gxf3 e4 24. f4 Rxf4+ 25. Kg2 Qg5+ 26. Kh1 Rxf1+ 27. Rxf1 Qxe7 28. Qd4+ Bg7 29. Qd5 Rf8 30. Rxf8+ Bxf8 31. Bg4 Bh6 32. Qd4+ Bg7 33. Qd5 Qf6 34. Qa8+ Bf8 35. Kg2 Qe7 36. Qxa6 Bh6 37. Qc8+ Kg7 38. Qd7 Qxd7 39. Bxd7 Bxe3 40. Bc6 Kf6 41. Bxe4 Ke5 42. Bd5 h5 43. Kf3 Bd4 44. a4 g5 45. a5 g4+ 46. Kg2 Kf4 47. h3 Ba7 48. hxg4 hxg4 49. a6 g3 50. Bb7 Bf2 51. Bc6 Ke5 52. Kf3 Ke6 53. Bd5+ Kd7 54. Kg2 Kc7 55. Kf3 Kb6 56. Bb7 Ka5 57. Kg2 Kb4 58. Bd5 Kc3 59. Kf3 Kd2 60. Kg2 Ke1 61. Bb7 Ke2 62. Bf3+ Ke1 63. Bd5 Kd2 64. Bb7 Kc3 65. Bd5 Kb4 66. Kf3 Ka5 67. Bb7 Kb6 68. Kg2 Kc7 69. Bd5 Kd8 70. Bb7 Ke8 71. Kf1 Kf7 72. Ke2 Kg6 73. Kd3 Kg5 74. Bg2 Kf4 75. Ke2 Kg4 76. Kf1 Ba7 77. Ke2 Kf4 78. Bd5 Kg4 79. Kf1 Kh3 80. Bg2+ Kh2 81. Bd5 Bb6 82. Bg2 Ba7 83. Bd5 Kh3 84. Bg2+ Kg4 85. Bd5 Kf4 86. Kg2 Ke3 87. Kxg3 Kd4 88. Kg4 Kc5 89. Kf5 Kb6 90. Bb7 Kc5 91. Bd5 Kb6 92. Ke6 Kc7 93. Bb7 Bc5 94. Kd5 Kb6 95. Ke6 Ka7 96. Kd7 Kb8 97. Kc6 Bb4 98. Kb5 Ba3 99. Bd5 Bc5 100. Bf3 Kc7 101. Bg4 Ba7 102. Bd1 Bc5 103. Be2 Ba7 104. Bf3 Bc5 105. Bb7 Ba7 106. Kb4 Bc5+ 107. Kc3 Ba7 108. Kd3 Bc5 109. Ke4 Ba7 110. Kd5 Bc5 111. Ke6 Ba7 112. Be4 Bc5 113. Bb7 Ba7 114. Kf7 Bc5 115. Ke7 Ba7 116. Ke6 Bc5 117. Kf5 Ba7 118. Kg4 Bc5 119. Kf3 Ba7 120. Ke2 Kb6 121. Kd3 Kc5 122. Kc3 Bb6 123. Bd5 Ba7 124. Kb3 Bb6 125. Ka4 Ba7 126. Ka5 Bb6+ 127. Ka4 Ba7 128. Kb3 Bb6 129. Kc3 Ba7 130. Kd3 Kb6 131. Bb7 Kc5 132. Kc3 Kb6 133. Kd4 Kc7+ 134. Kd5 Bb8 135. Ke6 Ba7 1/2-1/2

[Event "January 2 Early 2024"]
[Site "https://www.chess.com"]
[Date "2024.01.02"]
[Round "7"]
[White "Samaganova, Aleksandra"]
[Black "Dargan, Paul A G"]
[Result "1-0"]
[Board "163"]
[TimeControl "180+1"]
[WhiteFideId "13800221"]
[BlackFideId "416762"]
[WhiteElo "2389"]
[BlackElo "2207"]
[WhiteTeam "KGZ"]
[BlackTeam "ENG"]
[WhiteClock "0:00:06"]
[BlackClock "0:00:11"]

1. c4 e5 2. Nc3 Nc6 3. g3 Bc5 4. Bg2 d6 5. e3 a6 6. Nge2 Be6 7. d4 exd4 8. exd4 Nxd4 9. Nxd4 Bxc4 10. Qa4+ b5 11. Ndxb5 Qe7+ 12. Kd1 Bxb5 13. Nxb5 Bxf2 14. Nxc7+ Kf8 15. Nxa8 Nf6 16. Bg5 h6 17. Bxf6 Qxf6 18. Qb4 Kg8 19. Rf1 Qf5 20. Qd2 Qg4+ 21. Kc2 Bc5 22. Bf3 Qc4+ 23. Qc3 Qa4+ 24. b3 Qb5 25. Rad1 Kh7 26. Be4+ g6 27. Nc7 Rf8 28. Nxb5 axb5 29. Qf6 Bd4 30. Bxg6+ fxg6 31. Qxf8 Bg7 32. Rf7 h5 33. Qxg7# 1-0

[Event "January 2 Early 2024"]
[Site "https://www.chess.com"]
[Date "2024.01.02"]
[Round "7"]
[White "Sailer, Mike"]
[Black "Skibbe, Willi"]
[Result "0-1"]
[Board "164"]
[TimeControl "180+1"]
[WhiteFideId "2012901"]
[BlackFideId "4682190"]
[WhiteElo "2202"]
[BlackElo "2386"]
[WhiteTeam "USA"]
[BlackTeam "GER"]
[WhiteClock "0:00:00"]
[BlackClock "0:00:58"]

1. d4 f5 2. Nc3 Nf6 3. Bg5 d5 4. Bxf6 exf6 5. e3 Be6 6. Bd3 Nc6 7. Qf3 Qd7 8. Nge2 Ne7 9. Nf4 c6 10. O-O-O g5 11. Qh5+ Bf7 12. Qf3 gxf4 13. Qxf4 Be6 14. g4 O-O-O 15. h3 Ng6 16. Qg3 Bd6 17. f4 fxg4 18. hxg4 Bxg4 19. Rdg1 f5 20. Kb1 h5 21. Na4 h4 22. Qe1 Rde8 23. c4 Nxf4 24. Bf1 dxc4 25. Qa5 Nd3 26. Qxa7 Qc7 27. Nb6+ Kd8 28. Nxc4 Nf2 0-1

[Event "January 2 Early 2024"]
[Site "https://www.chess.com"]
[Date "2024.01.02"]
[Round "7"]
[White "Rios Escobar, Adan"]
[Black "Yushko, Olga"]
[Result "1-0"]
[Board "165"]
[TimeControl "180+1"]
[WhiteFideId "3403645"]
[BlackFideId "14114500"]
[WhiteElo "2382"]
[BlackElo "2184"]
[WhiteTeam "CHI"]
[BlackTeam "UKR"]
[WhiteClock "0:00:10"]
[BlackClock "0:00:17"]

1. d4 e6 2. c4 f5 3. g3 Nf6 4. Nf3 Be7 5. Bg2 d6 6. O-O O-O 7. b3 Qe8 8. Bb2 Nc6 9. Nbd2 Qg6 10. Re1 Ne4 11. d5 exd5 12. cxd5 Nb4 13. Nxe4 fxe4 14. Nd2 e3 15. fxe3 Bg4 16. Be4 Qh5 17. Nf3 Rae8 18. a3 Na6 19. b4 Bd8 20. Qd3 Rxe4 21. Qxe4 Bf5 22. Qc4 Re8 23. Bd4 Be4 24. Rf1 Bxd5 25. Qc3 Qh6 26. Rf2 c6 27. Raf1 Nc7 28. a4 Ne6 29. Bxa7 g5 30. a5 Ng7 31. e4 Bxe4 32. Be3 Ne6 33. h4 Bf6 34. Qc1 Qg7 35. Nxg5 Nxg5 36. Bxg5 Bd4 37. e3 Be5 38. Kh2 h6 39. Bf4 Qg4 40. Bxe5 dxe5 41. Qc4+ Kh8 42. Rf8+ Rxf8 43. Rxf8+ Kh7 44. Qf7+ Qg7 45. Qxg7+ Kxg7 46. Rb8 c5 47. bxc5 Kf6 48. Rc8 Kf5 49. Rc7 Kg4 50. c6 bxc6 51. a6 Kf3 52. a7 c5 53. Rxc5 Kxe3 54. Rxe5 Kf3 55. Rxe4 Kxe4 56. a8=Q+ Kf5 57. Qg8 h5 58. Kh3 Kf6 59. Qg5+ Kf7 60. Qxh5+ Kg7 61. Qg5+ 1-0

[Event "January 2 Early 2024"]
[Site "https://www.chess.com"]
[Date "2024.01.02"]
[Round "7"]
[White "Ferro, Mario"]
[Black "Jing, Andrew"]
[Result "1-0"]
[Board "166"]
[TimeControl "180+1"]
[WhiteFideId "810290"]
[BlackFideId "30984076"]
[WhiteElo "2382"]
[BlackElo "2156"]
[WhiteTeam "ITA"]
[BlackTeam "USA"]
[WhiteClock "0:00:07"]
[BlackClock "0:01:02"]

1. d4 Nf6 2. Nf3 g6 3. g3 Bg7 4. Bg2 O-O 5. O-O d6 6. c4 Nc6 7. Nc3 a6 8. b3 Nd7 9. Bb2 e5 10. d5 Ne7 11. e4 a5 12. a3 h6 13. b4 f5 14. Nb5 f4 15. c5 dxc5 16. bxc5 Nxc5 17. Bxe5 Nxe4 18. Bxg7 Kxg7 19. Rc1 Nxd5 20. Nxc7 Nxc7 21. Qxd8 Rxd8 22. Rxc7+ Rd7 23. Rfc1 Nd6 24. Rxd7+ Bxd7 25. Rc7 Rd8 26. Ne5 fxg3 27. hxg3 Nb5 28. Rxb7 Nxa3 29. Nxd7 h5 30. f4 Nc2 31. Ne5+ Kf6 32. Rb6+ Kf5 33. Rb5 Rd1+ 34. Kh2 Kf6 35. Rxa5 Ne3 36. Ra6+ Kf5 37. Bh3+ Ke4 38. Ra4+ Kd5 39. Ra2 g5 40. Bg2+ Kd4 41. Nf3+ Kd3 42. fxg5 Ng4+ 43. Kh3 Ke3 44. g6 Nf2+ 45. Kh4 Rd6 46. Kg5 Ne4+ 47. Kxh5 Nxg3+ 48. Kh6 Nf5+ 49. Kg5 Ne7 50. Nh4 Rd5+ 51. Bxd5 Nxd5 52. g7 Nf4 53. Ra3+ Ke4 54. Ra4+ Ke5 55. Rxf4 Kd6 56. g8=Q Ke5 57. Qe8+ Kd6 58. Rf7 Kd5 59. Rd7+ Kc6 60. Qc8+ Kb6 61. Rb7+ Ka5 62. Qa8# 1-0

[Event "January 2 Early 2024"]
[Site "https://www.chess.com"]
[Date "2024.01.02"]
[Round "7"]
[White "th3d4rkness"]
[Black "Schuh, Karsten"]
[Result "1/2-1/2"]
[Board "167"]
[TimeControl "180+1"]
[BlackFideId "4637950"]
[WhiteElo "2141"]
[BlackElo "2375"]
[BlackTeam "GER"]
[WhiteClock "0:00:06"]
[BlackClock "0:00:05"]

1. d4 f5 2. Nc3 d5 3. Bg5 Nf6 4. Bxf6 exf6 5. e3 Be6 6. Bd3 Nc6 7. a3 Qd7 8. Qf3 g6 9. h4 h5 10. Nge2 Bf7 11. Nf4 O-O-O 12. O-O-O a6 13. Kb1 Bh6 14. Be2 Rhe8 15. Nd3 Qd6 16. Nc5 Kb8 17. g3 Na7 18. Bd3 Nc8 19. Qe2 Qb6 20. N3a4 Qc6 21. Nc3 Nd6 22. Rhe1 Ne4 23. Na2 Nxc5 24. Nb4 Qb6 25. dxc5 Qxc5 26. Bxa6 Qb6 27. Bb5 c6 28. Ba4 Bf8 29. c3 Re4 30. Bc2 Ree8 31. Ka1 c5 32. Nd3 d4 33. Qd2 c4 34. cxd4 cxd3 35. Bxd3 Rc8 36. Rc1 Rxc1+ 37. Rxc1 Rc8 38. Rxc8+ Kxc8 39. Qc3+ Qc6 40. Qxc6+ bxc6 41. b4 Bd5 42. Kb2 Kb7 43. Kc3 Kb6 44. Be2 Bd6 45. Bd3 Be6 46. Be2 Be7 47. Bd3 g5 48. Be2 f4 49. Bxh5 fxg3 50. fxg3 gxh4 51. gxh4 f5 52. Bf3 Bxh4 53. e4 fxe4 54. Bxe4 Bd5 55. Bd3 Be1+ 56. Kc2 Bf2 57. Kc3 Be3 58. Be2 Bc1 59. a4 Be3 60. a5+ Kb7 61. Bd3 Bf2 62. b5 Be1+ 63. Kc2 Bxa5 64. bxc6+ Kxc6 65. Bf5 Kb5 66. Bd3+ Kc6 67. Be2 Kd6 68. Bd3 Bb6 69. Kc3 Ba5+ 70. Kc2 Bb6 71. Kc3 Ba5+ 72. Kc2 1/2-1/2

[Event "January 2 Early 2024"]
[Site "https://www.chess.com"]
[Date "2024.01.02"]
[Round "7"]
[White "Latreche, Khadidja"]
[Black "Andersson, Bjorn 1960"]
[Result "0-1"]
[Board "168"]
[TimeControl "180+1"]
[WhiteFideId "7901780"]
[BlackFideId "1700545"]
[WhiteElo "2133"]
[BlackElo "2369"]
[WhiteTeam "ALG"]
[BlackTeam "SWE"]
[WhiteClock "0:00:20"]
[BlackClock "0:00:07"]

1. e4 e6 2. Qe2 Be7 3. Nf3 d5 4. e5 c5 5. d3 Nc6 6. g3 Nh6 7. Bxh6 gxh6 8. c3 Qb6 9. Na3 Bd7 10. Bg2 O-O-O 11. O-O Rhg8 12. Rab1 Kb8 13. Nc2 Qa6 14. a3 Rc8 15. b4 cxb4 16. axb4 Qb6 17. Rfc1 Bg5 18. Ne3 Bxe3 19. fxe3 Ne7 20. c4 dxc4 21. dxc4 Nf5 22. c5 Qb5 23. Qd2 Bc6 24. Bf1 Qa4 25. Ra1 Qb3 26. Rc3 Qxb4 27. Nd4 Nxd4 28. exd4 Rcd8 29. Rd1 Rg4 30. Bc4 Rgxd4 31. Rd3 Qxd2 32. R1xd2 Rxd3 33. Rxd3 Rxd3 34. Bxd3 a5 35. Bxh7 Kc7 36. Kf1 a4 37. Ke2 Bb5+ 38. Kd2 Kc6 39. Kc3 Kxc5 40. Bg8 Be8 41. Bh7 Kd5 42. Bd3 b5 43. Kb4 Kxe5 44. Bf1 Ke4 45. Bg2+ Ke3 46. Bb7 Kf2 47. g4 Ke3 48. h4 Kd4 49. g5 hxg5 50. hxg5 e5 51. Bf3 e4 52. Be2 Ke3 53. Bf1 Kd2 54. Bxb5 Bxb5 55. Kxb5 a3 56. Kc5 a2 57. Kd6 a1=Q 58. Ke7 Qe5+ 59. Kxf7 Qxg5 60. Kf8 Qc5+ 61. Kf7 Qc6 62. Kf8 Qd7 63. Kg8 e3 64. Kh8 e2 65. Kg8 e1=Q 66. Kh8 Qee8# 0-1

[Event "January 2 Early 2024"]
[Site "https://www.chess.com"]
[Date "2024.01.02"]
[Round "7"]
[White "Nayak Rajesh"]
[Black "Subramanian, Anusha"]
[Result "1-0"]
[Board "169"]
[TimeControl "180+1"]
[WhiteFideId "35017152"]
[BlackFideId "477710"]
[WhiteElo "2365"]
[BlackElo "2128"]
[WhiteTeam "IND"]
[BlackTeam "ENG"]
[WhiteClock "0:00:49"]
[BlackClock "0:00:03"]

1. b3 e5 2. Bb2 Nc6 3. e3 d5 4. Bb5 Bd6 5. Nf3 f6 6. O-O Ne7 7. d3 O-O 8. Nbd2 Bg4 9. h3 Bh5 10. Qe1 a6 11. Bxc6 Nxc6 12. e4 d4 13. Nh2 Nb4 14. Rc1 c5 15. a3 Nc6 16. Nc4 b5 17. Nxd6 Qxd6 18. Rb1 Rac8 19. Bc1 Bf7 20. f4 c4 21. bxc4 bxc4 22. Rb6 Qc5 23. Rb7 Na5 24. Rb2 cxd3 25. cxd3 Nb3 26. Rb1 Nxc1 27. Qxc1 Qa5 28. Qb2 Rc3 29. fxe5 fxe5 30. Rf3 Qxa3 31. Qf2 Qe7 32. Rf1 Rcc8 33. Ng4 Rc5 34. Qg3 Qe6 35. Rf5 a5 36. Nxe5 Rc7 37. Ng4 a4 38. Qxc7 a3 39. Rxf7 Rxf7 40. Qd8+ Rf8 41. Qxf8# 1-0

[Event "January 2 Early 2024"]
[Site "https://www.chess.com"]
[Date "2024.01.02"]
[Round "7"]
[White "Cornelison, Paul"]
[Black "Marchesich, Giovanni"]
[Result "0-1"]
[Board "170"]
[TimeControl "180+1"]
[WhiteFideId "2004186"]
[BlackFideId "2824790"]
[WhiteElo "1973"]
[BlackElo "2363"]
[WhiteTeam "USA"]
[BlackTeam "ITA"]
[WhiteClock "0:01:33"]
[BlackClock "0:02:26"]

1. e4 f6 2. d4 g6 3. c4 Nh6 4. Nc3 Nf7 5. f3 Bg7 6. Bd3 O-O 7. Nge2 d6 8. O-O e5 9. Be3 Nc6 10. a3 a5 11. Kh1 f5 12. d5 Ne7 13. Bg5 Nxg5 14. exf5 gxf5 15. h4 Nf7 16. Ng3 Ng6 17. Bxf5 Qxh4+ 18. Kg1 Qxg3 19. Bxc8 Raxc8 20. Ne4 Qh4 21. g3 Qe7 22. Kg2 Ng5 23. Nxg5 Qxg5 24. Rh1 Rce8 25. Kf2 e4 26. f4 Nxf4 27. gxf4 Qxf4+ 28. Kg2 Qf2+ 29. Kh3 Rf3+ 30. Kg4 Qg3+ 31. Kh5 Re5# 0-1

[Event "January 2 Early 2024"]
[Site "https://www.chess.com"]
[Date "2024.01.02"]
[Round "7"]
[White "VictMin"]
[Black "Nepomniachtchi, Ian"]
[Result "0-1"]
[Board "171"]
[TimeControl "180+1"]
[BlackFideId "4168119"]
[WhiteElo "2035"]
[BlackElo "3118"]
[BlackTeam "RUS"]
[WhiteClock "0:00:01"]
[BlackClock "0:01:55"]

1. Nf3 b6 2. d4 Bb7 3. Bg5 h6 4. Bh4 g5 5. Bg3 Bg7 6. e3 d6 7. Nbd2 Nd7 8. Bd3 e6 9. c3 Ngf6 10. Qe2 Qe7 11. e4 Nh5 12. O-O-O Nf4 13. Bxf4 gxf4 14. Kb1 a5 15. g3 fxg3 16. fxg3 a4 17. a3 c5 18. Rhe1 O-O 19. e5 cxd4 20. cxd4 dxe5 21. Nxe5 Nxe5 22. dxe5 Rfd8 23. Nc4 b5 24. Nd6 b4 25. axb4 a3 26. Nxb7 Qxb7 27. Be4 Qxb4 28. Bxa8 Rxa8 29. Rd2 axb2 30. Rxb2 Qa5 31. Qd2 Qa1+ 32. Kc2 Rc8+ 33. Kd3 Rd8+ 34. Ke3 Rxd2 35. Rb8+ Kh7 36. Rxa1 Rxh2 37. Raa8 Bxe5 38. Kf3 Bxb8 39. Rxb8 Rh1 40. Rb7 Rf1+ 41. Kg2 Rf6 42. Rb4 Kg6 43. Rc4 h5 44. Kh3 Rf5 45. Rd4 Rd5 46. Re4 e5 47. Kh4 Rd4 0-1

[Event "January 2 Early 2024"]
[Site "https://www.chess.com"]
[Date "2024.01.02"]
[Round "7"]
[White "SkinnyPuppy8"]
[Black "Povshednyi, Ivan"]
[Result "1-0"]
[Board "172"]
[TimeControl "180+1"]
[BlackFideId "14190907"]
[WhiteElo "2279"]
[BlackElo "2584"]
[BlackTeam "UKR"]
[WhiteClock "0:00:09"]
[BlackClock "0:00:20"]

1. e4 c5 2. Nf3 e6 3. d3 Nc6 4. g3 Nf6 5. Bg2 d5 6. Nbd2 Bd6 7. O-O O-O 8. Re1 Bc7 9. c3 b6 10. e5 Nd7 11. d4 cxd4 12. cxd4 Ba6 13. Nf1 Rc8 14. Bd2 b5 15. b4 Nb6 16. Ne3 Nc4 17. Nxc4 bxc4 18. a4 Bb7 19. Bc3 a6 20. Qd2 Rb8 21. Rab1 Bc8 22. Nh4 Qe7 23. f4 a5 24. b5 Nb4 25. Rf1 f5 26. exf6 Rxf6 27. Bxb4 axb4 28. Qxb4 Qxb4 29. Rxb4 Bb6 30. Nf3 Ra8 31. Ra1 Bd7 32. Kf1 Be8 33. Ke2 Bg6 34. a5 Rxa5 35. Rxa5 Bxa5 36. Ra4 Bb6 37. Ra6 Bd3+ 38. Ke3 Bd8 39. Ne5 Rf8 40. b6 Be7 41. b7 Bf5 42. Ra8 Bd6 43. Nd7 c3 44. Nxf8 c2 45. Nxe6+ Kf7 46. Ng5+ Kg6 47. Rc8 h6 48. Bxd5 hxg5 49. fxg5 Be7 50. Be4 Bxg5+ 51. Kd3 Kf6 52. Bxf5 c1=Q 53. Rxc1 Bxc1 54. b8=Q Kxf5 55. Qe5+ Kg6 56. Ke4 Bg5 57. Qf5+ Kh6 58. h4 Bf6 59. g4 Bxh4 60. Qh5# 1-0

[Event "January 2 Early 2024"]
[Site "https://www.chess.com"]
[Date "2024.01.02"]
[Round "7"]
[White "Leisch, Lukas"]
[Black "Sava, Christiansen-Danut-Eugen"]
[Result "1-0"]
[Board "173"]
[TimeControl "180+1"]
[WhiteFideId "1632094"]
[BlackFideId "1210114"]
[WhiteElo "2480"]
[BlackElo "2238"]
[WhiteTeam "AUT"]
[BlackTeam "ROU"]
[WhiteClock "0:00:43"]
[BlackClock "0:01:50"]

1. d4 Nf6 2. Nc3 e6 3. Bf4 d5 4. Nb5 Na6 5. e3 Be7 6. Nf3 O-O 7. h4 c6 8. Nc3 Bd7 9. h5 Nb8 10. Ne5 c5 11. g4 Nc6 12. g5 Ne4 13. Nxe4 dxe4 14. g6 fxg6 15. hxg6 h6 16. Nf7 Rxf7 17. gxf7+ Kxf7 18. Qh5+ g6 19. Qxh6 Bf6 20. Qh7+ Bg7 21. Bh6 Qg8 22. Qxg7+ Qxg7 23. Bxg7 Kxg7 24. dxc5 Ne5 25. O-O-O Bc6 26. Bh3 Kf6 27. Rd6 Re8 28. Bg2 Nc4 29. Rd4 Bd5 30. Bxe4 Bxe4 31. Rxe4 Ne5 32. Rf4+ Kg7 33. Rd1 g5 34. Re4 Kf6 35. f4 gxf4 36. exf4 Ng4 37. Rd7 Rh8 38. Re1 b6 39. c6 Rc8 40. c7 Kf5 41. Rf7+ Kg6 42. Re7 Kf6 43. R1xe6+ Kf5 44. Rd6 Kxf4 45. Rd8 Rxc7 46. Rxc7 1-0

[Event "January 2 Early 2024"]
[Site "https://www.chess.com"]
[Date "2024.01.02"]
[Round "7"]
[White "Peczely, Sebastian Zsombor"]
[Black "Montano Vicente, Guadalupe"]
[Result "1-0"]
[Board "174"]
[TimeControl "180+1"]
[WhiteFideId "750964"]
[BlackFideId "5181399"]
[WhiteElo "2442"]
[BlackElo "2184"]
[WhiteTeam "HUN"]
[BlackTeam "MEX"]
[WhiteClock "0:00:08"]
[BlackClock "0:00:11"]

1. e4 c5 2. Nf3 d6 3. d4 cxd4 4. Nxd4 Nf6 5. Nc3 a6 6. Be3 e5 7. Nb3 Be6 8. f3 h5 9. Qd2 Nbd7 10. Nd5 Nxd5 11. exd5 Bf5 12. c4 Rc8 13. a4 Be7 14. a5 Bh4+ 15. g3 Bf6 16. Qb4 Qc7 17. Be2 e4 18. Nd2 exf3 19. Bxf3 Bg6 20. O-O O-O 21. Bg2 Rfe8 22. Bf2 Nc5 23. Bh3 Rcd8 24. Nb3 Bd3 25. Rfd1 Nxb3 26. Qxb3 Bxc4 27. Qc2 Rc8 28. Bb6 Be2 29. Qxc7 Rxc7 30. Bxc7 Bxd1 31. Rxd1 Bxb2 32. Bxd6 Re2 33. Bf4 Bc3 34. d6 Bxa5 35. d7 Bd8 36. Bg2 Rb2 37. Re1 Kh7 38. Re8 Bf6 39. Be4+ g6 40. d8=Q Bxd8 41. Rxd8 Rb4 42. Bd5 Rb1+ 43. Kg2 Rd1 44. Rd7 1-0

[Event "January 2 Early 2024"]
[Site "https://www.chess.com"]
[Date "2024.01.02"]
[Round "7"]
[White "Hartikainen, Jarmo"]
[Black "Korol, Dimitry"]
[Result "0-1"]
[Board "176"]
[TimeControl "180+1"]
[WhiteFideId "503134"]
[BlackFideId "14108003"]
[WhiteElo "2150"]
[BlackElo "2316"]
[WhiteTeam "FIN"]
[BlackTeam "UKR"]
[WhiteClock "0:00:01"]
[BlackClock "0:01:05"]

1. e4 c5 2. c3 d5 3. exd5 Qxd5 4. d4 cxd4 5. cxd4 Nc6 6. Nf3 e5 7. Nc3 Bb4 8. Bd2 Bxc3 9. Bxc3 e4 10. Ne5 Nxe5 11. dxe5 Ne7 12. Qxd5 Nxd5 13. Bb5+ Bd7 14. Bxd7+ Kxd7 15. O-O-O Ke6 16. Bd4 Nf4 17. Kb1 Rhd8 18. Rhe1 Nd3 19. Rxe4 Nxf2 20. Bxf2 Rxd1+ 21. Kc2 Rd5 22. Bd4 Rc8+ 23. Bc3 h5 24. Rh4 Rxe5 25. a4 g6 26. Kb3 Re2 27. Rf4 Rxg2 28. h4 Rg4 29. Rf6+ Ke7 30. Rf2 f5 31. Be1 Rxh4 32. Re2+ Re4 0-1